 Dungeon Crawl Stone Soup version 0.29-a0-11-ga75d3d97ab (webtiles) character file.

Game seed: 14656206397337736506

520 Armakuni the Twirler (level 7, 0/56 HPs)
             Began as a Human Gladiator on Jan 28, 2022.
             Succumbed to a scorpion's poison
             ... on level 4 of the Dungeon.
             The game lasted 00:08:08 (4106 turns).

Armakuni the Twirler (Human Gladiator)              Turns: 4106, Time: 00:08:09

Health: 0/56       AC:  6    Str: 21    XL:     7   Next: 45%
Magic:  7/7        EV: 12    Int: 10    God:
Gold:   171        SH:  0    Dex: 14    Spells: 6/6 levels left

rFire   . . .      SeeInvis .   a - +0 quarterstaff
rCold   . . .      Faith    .   (shield currently unavailable)
rNeg    . . .      Spirit   .   l - +0 leather armour
rPois   .          Reflect  .   h - +0 helmet
rElec   .          Harm     .   (no cloak)
rCorr   .          Rampage  .   m - +1 pair of gloves
Will    .....                   (no boots)
Stlth   +.........              (no amulet)
HPRegen 0.18/turn               V - +6 ring of strength
MPRegen 0.10/turn               (no ring)

@: lethally poisoned (0 -> -6), on berserk cooldown
A: no striking features
a: no special abilities


You were on level 4 of the Dungeon.
You visited 1 branch of the dungeon, and saw 4 of its levels.

You collected 171 gold pieces.

Inventory:

Hand Weapons
 a - a +0 quarterstaff (weapon)
 b - the +5 hunting sling of Greed {speed, rPois rF+}
   (You found it on level 3 of the Dungeon)

   Attacks with this weapon are significantly faster.
   rF:        It protects you from fire.
   rPois:     It protects you from poison.
Missiles
 d - 2 throwing nets (quivered)
 e - 22 sling bullets
Armour
 h - a +0 helmet (worn)
 l - a +0 leather armour (worn)
 m - a +1 pair of gloves (worn)
Jewellery
 F - a ring of fire
 J - a ring of ice
 V - a +6 ring of strength (left hand)
Scrolls
 c - a scroll of identify
 i - a scroll of brand weapon {unknown}
Potions
 g - a potion of resistance {unknown}
 j - a potion of cancellation
 k - a potion of might {unknown}


   Skills:
 - Level 5.0 Fighting
 + Level 6.5 Staves
 - Level 2.0 Throwing
 - Level 3.0 Dodging


You had 6 spell levels left.
You didn't know any spells.
Your spell library contained the following spells:

 Spells                   Type           Power      Damage    Failure   Level
 Gell's Gravitas          Tloc           0%         N/A       78%         3
 Teleport Other           Tloc           0%         N/A       78%         3
 Dispersal                Tloc           0%         N/A       100%        6


Dungeon Overview and Level Annotations

Branches:
Dungeon (4/15)
 Temple: D:4-7

Altars:
Ashenzari
Cheibriados
Kikubaaqudgha
Uskayaw

Shops:
D:3 [


Message History

You feel less confused. The orc hits you with a +0 war axe.
The orc barely misses you. The scorpion barely misses you.
You hit the scorpion but do no damage. The orc hits you with a +0 war axe!
You sock the orc wizard!
The orc wizard is severely wounded.
The scorpion stings you.
You are poisoned.
The scorpion poisons you! The orc hits you with a +0 club.
* * * LOW HITPOINT WARNING * * *
The orc wizard hits you but does no damage.
You barely miss the orc wizard.
The orc wizard is severely wounded.
You feel very sick. The orc barely misses you. The scorpion barely misses you.
The orc hits you but does no damage.
The orc wizard points at you and mumbles some strange words.
The puff of flame hits you!
* * * LOW HITPOINT WARNING * * *
You hit the orc wizard.
You kill the orc wizard!
* * * LOW HITPOINT WARNING * * *
You feel sick. The orc closely misses you. The scorpion barely misses you.
The orc priest mumbles some strange prayers to Beogh against you.
Pain shoots through your body!
* * * LOW HITPOINT WARNING * * *
* * * LOW HITPOINT WARNING * * *
You feel sick.
You see here a giant cockroach corpse.
You feel a strong urge to attack something.
You are no longer berserk.
You are exhausted.
You feel yourself slow down.
* * * LOW HITPOINT WARNING * * *
You feel sick.
It was a potion of cancellation.
Your magical effects are unravelling.
You feel magically purged.
You feel yourself speed up.
You die...

.# #............ .#
#............ .#
#............ .#####
#...........o .†...#
#........<... ####.#
#######............
#.####.......osoo.......
#...##........oo...#....
######.##.......@######
### ...# #.##........#
...# #...........# ...#
##..........#
...####.#........#
...##...#.....(..#
...##.####..######
####..####..#######
...........÷.......


You could see a scorpion, an orc priest and 4 orcs.

Vanquished Creatures
  A necrophage (D:4)
  An ogre (D:4)
  A scorpion (D:4)
  An orc priest (D:3)
  2 orc wizards (D:4)
  3 gnolls
  8 adders
  An adder skeleton (D:4)
  2 worms
  3 dart slugs
  6 orcs
  6 bats
  10 endoplasms
  4 giant cockroaches
  11 hobgoblins
  2 jackals (D:4)
  3 quokkas
  5 ball pythons
  4 frilled lizards
  9 goblins
  7 kobolds
  4 rats
94 creatures vanquished.

Notes
Turn   | Place    | Note
-------+----------+-------------------------------------------
     0 | D:1      | Armakuni the Human Gladiator began the quest for the Orb.
     0 | D:1      | Reached XP level 1. HP: 16/16 MP: 1/1
   344 | D:1      | Reached XP level 2. HP: 18/22 MP: 2/2
  1033 | D:1      | Reached XP level 3. HP: 27/28 MP: 3/3
  1611 | D:2      | Reached XP level 4. HP: 34/35 MP: 4/4
  1644 | D:2      | Reached skill level 4 in Staves
  2387 | D:2      | Found a faded altar of an unknown god.
  2786 | D:3      | Reached XP level 5. HP: 41/41 MP: 5/5
  2804 | D:3      | Found a hide-covered altar of Uskayaw.
  2808 | D:3      | Noticed a +0 hand axe
  2809 | D:3      | Noticed a +0 dagger
  2928 | D:3      | Identified the +5 hunting sling of Greed {speed, rPois rF+}
  3068 | D:3      | Found a broken altar of Ashenzari.
  3070 | D:3      | Found an ancient bone altar of Kikubaaqudgha.
  3085 | D:3      | Found Fujimoing's Antique Armour Emporium.
  3263 | D:3      | Reached XP level 6. HP: 48/48 MP: 6/6
  3712 | D:4      | Found a snail-covered altar of Cheibriados.
  3749 | D:4      | Reached skill level 5 in Staves
  3816 | D:4      | Noticed a necrophage
  3818 | D:4      | Noticed an ogre
  3832 | D:4      | Killed a necrophage
  3833 | D:4      | Reached skill level 5 in Fighting
  3833 | D:4      | Reached XP level 7. HP: 55/56 MP: 7/7
  3839 | D:4      | Reached skill level 6 in Staves
  4104 | D:4      | HP: 4/84 [poisoned by a scorpion]
  4106 | D:4      | Succumbed to a scorpion's poison

Illustrated notes

Levels and vault maps discovered:
D:1:      zelgadis_glass_arrival_small, layout_loops_corners
D:2:      layout_basic, shapermc_ecumenical_altar_acropolis, minivault_14
D:3:      layout_loops_ring, dancing_weapons_uskayaw,
          nicolae_overflow_hidden_temple, serial_shops, shop,
          kennysheep_generic_room_16
D:4:      layout_rooms, kennysheep_slug_shrine, minmay_distorted,
          uniq_crazy_yiuf_cottage

Skill      XL: |  1  2  3  4  5  6  7 |
---------------+----------------------+-----
Fighting       | 3 4 5 |  5.0
Staves         | 4 5 6 |  6.5
Throwing       | |  2.0
Dodging        | |  3.0

Action                   |  1- 3 |  4- 6 |  7- 9 || total
-------------------------+-------+-------+-------++-------
Melee: Quarterstaff      |    83 |   106 |    18 ||   207
 Fire: Hunting sling     |       |    36 |     5 ||    41
Throw: Throwing net      |     3 |     5 |     1 ||     9
  Use: Scroll            |       |     4 |       ||     4
       Potion            |       |       |     2 ||     2
 Stab: Sleeping          |       |     2 |       ||     2
Armor: Leather armour    |    23 |    26 |     8 ||    57
Dodge: Dodged            |    51 |    68 |    17 ||   136

Table legend: (Time is in decaauts)
 A = Elapsed time spent in this place.
 B = Non-inter-level travel time spent in this place.
 C = Inter-level travel time spent in this place.
 D = Time resting spent in this place.
 E = Time spent auto-exploring this place.
 F = Levels seen in this place.
 G = Mean time per level.
                   A        B        C        D        E       F      G
               +--------+--------+--------+--------+--------+-----+--------+
         Total |   4109 |   3983 |    126 |    419 |   2662 |   4 | 1027.2 |
       Dungeon |   4109 |   3983 |    126 |    419 |   2662 |   4 | 1027.2 |
               +--------+--------+--------+--------+--------+-----+--------+

Top non-repeatable levels by time:
     D:2: 1553 daAuts
     D:1: 1208 daAuts
     D:3: 872 daAuts
     D:4: 475 daAuts
